AoeStats
← Bleedz xx

Lombardia

508344355Analyzed
2v2 RM · 12d ago on Sep 22, 2026· 46m 53s· 4 players
Game mode
Random Map
Map size
Medium (4 player)
Population
200
Speed
Normal
Resources
Standard
Victory
Conquest
Starting age
Dark Age
Ending age
Imperial Age
RankedLock teamsTeams togetherTeam positionsShared explorationLock speedFull tech treeHidden civsTurbo modeCheats
Victory
Defeat
🇨🇱 Italians · Chile
1132
+14
🇨🇱 Turks · Chile
1132
+14
🇺🇸 Khmer · United States
1105
-14
🇺🇸 Hindustanis · United States
1093
-14
slimsadie1831
11:42 Feudal Age
15:47 Castle Age
13:36 Double-Bit Axe
14:14 Horse Collar
18:14 Loom
25:40 Bow Saw
25:37 Pikeman
34:06 Imperial Age
32:01 Ballistics
32:31 Bloodlines
31:50 Light Cavalry
33:06 Scale Barding Armor
33:48 Husbandry
34:46 Heavy Scorpion
36:30 Chain Barding Armor
38:08 Forging
38:44 Double Crossbow
39:42 Plate Barding Armor
40:49 Iron Casting
40:38 Conscription
Bleedz xx
7:44 Loom
10:41 Feudal Age
19:50 Castle Age
18:24 Stone Mining
19:46 Double-Bit Axe
19:44 Horse Collar
21:27 Squires
21:13 Arson
21:32 Scale Mail Armor
21:42 Forging
24:38 Gold Mining
25:38 Bow Saw
25:13 Pikeman
32:43 Town Watch
33:36 Wheelbarrow
34:23 Heavy Plow
37:05 Imperial Age
35:44 Hand Cart
36:41 Chain Mail Armor
37:02 Iron Casting
38:41 Conscription
41:23 Blast Furnace
41:00 Masonry
43:21 Elite Ghulam
45:37 Fortified Wall
MaestroZen.-
7:25 Loom
10:42 Feudal Age
14:13 Scale Barding Armor
14:53 Double-Bit Axe
21:27 Castle Age
21:15 Forging
24:23 Gold Mining
30:25 Imperial Age
28:37 Horse Collar
30:55 Wheelbarrow
31:20 Fletching
33:24 Town Watch
35:13 Conscription
38:46 Chain Barding Armor
39:02 Iron Casting
39:27 Padded Archer Armor
40:18 Bloodlines
42:01 Plate Barding Armor
42:02 Bow Saw
43:08 Husbandry
45:55 Blast Furnace
46:13 Bodkin Arrow
46:34 Leather Archer Armor
EdogawaDGM
8:11 Loom
9:56 Feudal Age
16:10 Castle Age
14:57 Stone Mining
15:30 Double-Bit Axe
16:16 Gold Mining
16:31 Fletching
19:11 Padded Archer Armor
21:37 Bodkin Arrow
23:44 Murder Holes
25:17 Bow Saw
26:01 Wheelbarrow
25:25 Town Watch
27:19 Ballistics
27:36 Leather Archer Armor
28:26 Hand Cart
33:11 Imperial Age
31:25 Horse Collar
32:39 Town Patrol
34:57 Chemistry
35:14 Conscription
35:09 Bracer
36:52 Ring Archer Armor
38:54 Cavalier
40:21 Bloodlines
40:12 Husbandry
41:23 Forging
41:19 Scale Barding Armor
44:06 Two-Man Saw
43:08 Heavy Plow
43:46 Iron Casting
45:33 Blast Furnace
44:54 Chain Barding Armor
46:08 Crop Rotation
Connection lost

Rejoining the realm…

Still unreachable

The connection could not be restored.

Session expired

The server has moved on; the page needs a fresh start.